 Dungeon Crawl Stone Soup version 0.30-a0-223-gcb0039aa0c (webtiles) character file.

Game seed: 10386783787053185976

191852 qw the Severer (level 18, -4/119 HPs)
             Began as a Gargoyle Fighter on Oct 9, 2022.
             Was an Elder of Okawaru.
             Slain by a nine-headed hydra (10 damage)
             ... on level 4 of the Swamp.
             The game lasted 00:15:21 (31429 turns).

qw the Severer (Gargoyle Fighter)                  Turns: 31429, Time: 00:15:22

Health: -4/119     AC: 53    Str: 34    XL:     18   Next: 66%
Magic:  23/23      EV: 14    Int:  9    God:    Okawaru [****..]
Gold:   1529       SH: 23    Dex: 11    Spells: 17/17 levels left

rFire   + + .      SeeInvis .    C - +2 broad axe (vorpal)
rCold   + + .      Faith    .    f - +4 kite shield of the Salmon {rElec Str+6}
rNeg    + . .      Spirit   .    r - +1 crystal plate armour of Pivych {rC+}
rPois   inf        Reflect  +    a - +1 helmet "Gusua" {+Inv rF+ Stlth+}
rElec   +          Harm     .    o - scarf {rC+ rF+}
rCorr   .          Rampage  .    k - +2 pair of gloves
Will    +....                    h - +2 pair of boots
Stlth   ..........               F - amulet of reflection
HPRegen 0.39/turn                b - +4 ring of slaying {mikee}
MPRegen 0.18/turn                q - +4 ring of evasion

@: about to teleport, heroic, flying
A: sickness immunity, AC +13, big wings, negative energy resistance 1,
electricity resistance, torment resistance 1, petrification resistance, thin
skeletal structure 1, low MP 1
a: Renounce Religion, Evoke Invisibility, Heroism, Finesse


You were on level 4 of the Swamp.
You worshipped Okawaru.
Okawaru was greatly pleased with you.
You visited 6 branches of the dungeon, and saw 30 of its levels.
You also visited: Ossuary.

You collected 3004 gold pieces.
You spent 1475 gold pieces at shops.


Innate Abilities, Weirdness & Mutations

You are immune to sickness and miasma.
Your stone body is resilient. (AC +13)
You are immune to poison.
Your large and strong wings let you fly.
You resist negative energy. (rN+)
You are resistant to electric shocks. (rElec)
You are resistant to unholy torment.
You are immune to petrification.
You have a somewhat thin skeletal structure. (Dex +2, Stealth+)
Your magical capacity is low. (-10% MP)


   Skills:
 - Level 15.0(20.0) Fighting
 - Level 18.0(23.0) Axes
 - Level 8.0(13.0) Throwing
 + Level 17.0(22.0) Armour
 - Level 4.0(9.0) Dodging
 - Level 14.4(19.4) Shields
 - Level 10.1 Invocations


You had 17 spell levels left.
You didn't know any spells.
Your spell library was empty.

Inventory:

Hand Weapons
 C - a +2 vorpal broad axe (weapon)
Missiles
 i - 14 boomerangs
 E - 2 silver javelins (quivered)
Armour
 a - the +1 helmet "Gusua" (worn) {+Inv rF+ Stlth+}
   (You acquired it on level 1 of the Dungeon)

   rF:        It protects you from fire.
   +Inv:      It lets you turn invisible.
   Stlth:     It makes you more stealthy.
 f - the +4 kite shield of the Salmon (worn) {rElec Str+6}
   (Okawaru gifted it to you on level 2 of the Spider Nest)

   Str:       It affects your strength (+6).
   rElec:     It insulates you from electricity.
 h - a +2 pair of boots (worn)
 k - a +2 pair of gloves (worn)
 o - a scarf of resistance (worn)
 r - the +1 crystal plate armour of Pivych (worn) {rC+}
   (Okawaru gifted it to you on level 11 of the Dungeon)

   rC:        It protects you from cold.
 s - a +0 cloak
 x - a +2 helmet
 y - +0 acid dragon scales
Jewellery
 b - a +4 ring of slaying (left hand) {mikee}
 q - a +4 ring of evasion (right hand)
 u - a ring of protection from cold
 z - a ring of resist corrosion
 A - a ring of fire
 B - a ring of ice
 D - a ring of resist corrosion
 F - an amulet of reflection (around neck)
Scrolls
 c - a scroll of enchant armour
 m - 19 scrolls of identify
 t - 5 scrolls of teleportation
Potions
 d - 4 potions of might
 e - 8 potions of curing
 g - 5 potions of haste
 j - 3 potions of mutation
 l - 9 potions of lignification
 n - 3 potions of cancellation
 v - 3 potions of attraction
 G - a potion of resistance
 H - a potion of magic

Dungeon Overview and Level Annotations

Branches:
Dungeon (15/15)            Temple (1/1) D:4            Lair (5/5) D:11
  Swamp (4/4) Lair:3       Spider (3/4) Lair:2        Slime (0/5) Lair:5
    Orc (2/2) D:12            Elf (0/3) Orc:2        Vaults (0/5) D:13
 Depths (0/4) D:15        Ossuary (visited)

Altars:
Ashenzari
Cheibriados
Dithmenos
Elyvilon
Fedhas
Gozag
Hepliaklqana
Kikubaaqudgha
Makhleb
Nemelex Xobeh
Okawaru
Qazlal
Ru
Sif Muna
Trog
Uskayaw
Vehumet
Wu Jian
Xom
Yredelemnul
Zin
The Shining One

Shops:
D:6 [[   D:9 ?   D:15 *   Orc:1 :   Orc:2 [=?(

Annotations:
D:14 2 transporters, Wopp's ghost, journeyman GrEE
Spider:3 1 runed translucent door, qw's ghost, adept GrFi


Message History

You block the goliath frog's attack.
A bog body comes into view.
You closely miss the goliath frog.
The goliath frog is severely wounded.
You slash the swamp drake!
The goliath frog is engulfed in noxious fumes.
You block the goliath frog's attack. The swamp drake breathes poison at you.
The noxious blast engulfs you but does no damage.
You resist.
The ghost crab breathes spectral mist at you.
The spectral mist engulfs you but does no damage.
You hit the goliath frog.
The goliath frog is almost dead.
You barely miss the swamp drake.
The goliath frog is engulfed in noxious fumes.
The goliath frog appears confused.
You catch the helpless goliath frog completely off-guard!
You hit the goliath frog.
The goliath frog is almost dead.
You slash the swamp drake!
You kill the swamp drake!
Okawaru accepts your kill.
Your surroundings suddenly seem different.
The nine-headed hydra roars!
The five-headed hydra roars!
The swamp dragon roars deafeningly!
You hear a deafening roar!
You hear a roar!
The swamp drake breathes poison at you.
The noxious blast engulfs you but does no damage.
You resist.
You hear a roar!
31429 ||| READING 6 scrolls of teleportation.
As you read the scroll of teleportation, it crumbles to dust.
You feel strangely unstable. The nine-headed hydra misses you.
You block the nine-headed hydra's attack.
The nine-headed hydra closely misses you.
The nine-headed hydra bites you!
You block the nine-headed hydra's attack. x2
The nine-headed hydra bites you!
You die...

~ 7 ~.~7 #7~.7
#~~.7 #770..7
#@000.7
##7D0¤..7777777
#D##~0000~.....~~.
~~~
.~.~DDkD~0~~~~.~~~
.~
7~7~~~~[~~~~¤....7
7.
.~~~..¤%D~<....~7
~
.~~.......~~.7777
7 ~~¤..~7¤77.~~7


777 ¤~¤".77777....~ 7~. You could see a 13-headed hydra, a nine-headed hydra, a
five-headed hydra, a four-headed hydra, a swamp dragon and a swamp drake.

Vanquished Creatures
  Jorgrun (Swamp:2)
  Frances (Swamp:1)
  A thorn hunter (Swamp:1)
  Donald (Swamp:3)
  Roxanne (Spider:1)
  6 ghost moths
  4 emperor scorpions
  4 ghouls
  3 broodmothers
  4 eleionomae
  2 bunyips
  2 spark wasps
  Snorg (D:10)
  2 fire dragons
  A shambling mangrove (Swamp:3)
  An entropy weaver (Spider:2)
  16 hydras
  5 ogre magi
  2 jorogumos (Spider:2)
  3 radroaches (Spider:2)
  A catoblepas (Lair:5)
  A death knight (D:14)
  7 boulder beetles
  7 centaur warriors
  5 alligators (Swamp:1)
  20 two-headed ogres
  A death scarab (Spider:2)
  8 death yaks (Lair:4)
  A vampire mage (D:15)
  12 skeletal warriors
  6 pharaoh ants
  A sun moth (Spider:1)
  5 goliath frogs
  Lodul (D:13)
  2 steelbarb worms
  2 spriggan druids
  5 swamp dragons
  5 bog bodies
  A spriggan simulacrum (Swamp:1)
  6 orb spiders
  A phantasmal warrior (D:14)
  An iron dragon zombie (D:15)
  20 wolf spiders
  Pikel (D:5)
  A necromancer (D:15)
  2 manticores
  3 orc knights
  A deep elf pyromancer (D:10)
  9 ugly things
  A will-o-the-wisp (Swamp:3)
  21 elephants
  8 cyclopes
  A manticore (shapeshifter) (D:14)
  2 stone giant skeletons (D:15)
  Joseph (D:7)
  Maurice (D:11)
  2 black mambas
  5 torpor snails
  3 centaur skeletons (D:13)
  3 gargoyles
  13 cane toads
  4 yaktaurs (D:13)
  Maggie (D:7)
  14 komodo dragons
  8 demonic crawlers
  4 freezing wraiths
  3 rime drakes
  2 efreet
  An ice devil (D:10)
  3 unseen horrors
  6 polar bears
  7 trolls
  25 tarantellas
  Grinder (D:6)
  9 tyrant leeches
  5 slime creatures (D:13)
  10 hornets
  A dream sheep (Lair:5)
  A spriggan zombie (D:15)
  21 jumping spiders
  A shadow (D:9)
  Sigmund (D:4)
  17 spriggans
  60 yaks
  9 culicivoras
  3 wraiths
  3 dire elephant simulacra (Swamp:1)
  5 wyverns
  2 fire elementals (D:10)
  4 basilisks
  53 redbacks
  9 vampire mosquitoes
  6 steam dragons
  A minotaur simulacrum (Swamp:1)
  3 wargs (Orc:1)
  3 acid dragons
  13 swamp worms
  15 water moccasins
  Duvessa (D:7)
  17 orc warriors
  5 swamp drakes
  3 ice beasts
  17 black bears
  4 boggarts (Lair:5)
  32 wolves
  14 centaurs
  40 ogres
  2 kobold brigands
  A lemure (D:5)
  4 elf zombies (Ossuary)
  4 necrophages
  16 bullfrogs
  2 gnoll sergeants
  A deep troll simulacrum (Swamp:1)
  7 scorpions
  Dowan (D:7)
  16 wights
  2 lindwurm simulacra (Swamp:1)
  8 killer bees (D:9)
  8 electric eels
  2 howler monkeys (D:8)
  4 centaur zombies (Ossuary)
  A gnoll bouda (D:7)
  2 hounds
  4 human zombies (Ossuary)
  2 jellies
  17 orc priests
  4 iguanas
  16 orc wizards
  4 hell rats (Lair:4)
  3 mummies (Ossuary)
  Robin (D:4)
  11 gnolls
  5 adders
  A shadow imp (D:6)
  A white imp (D:5)
  A worm (Lair:2)
  7 dart slugs
  66 orcs
  5 endoplasms
  5 giant cockroaches
  34 goblins
  15 hobgoblins
  16 jackals
  11 kobolds
  A quokka (D:1)
  8 ball pythons
  8 bats
  3 frilled lizards
  5 rats
1060 creatures vanquished.

Vanquished Creatures (others)
  A ghost moth (Spider:3)
  A two-headed ogre (D:13)
  A spriggan (Swamp:2)
  A hornet (Swamp:2)
  2 bloated husks
  An orc wizard (D:8)
  A boggart skeleton (D:13)
  A gnoll (D:7)
  5 foxfires (Swamp:3)
  68 fungi
  155 plants
  4 withered plants (D:15)
241 creatures vanquished.

Grand Total: 1301 creatures vanquished

Notes
Turn   | Place    | Note
-------+----------+-------------------------------------------
     0 | D:1      | qw the Gargoyle Fighter began the quest for the Orb.
     0 | D:1      | Reached XP level 1. HP: 14/14 MP: 1/1
     0 | D:1      | 0 ||| qw: Version: 0.2-a-17-g06abaee
     0 | D:1      | 0 ||| qw: Game counter: 2197
     0 | D:1      | 0 ||| qw: Always use a shield: true
     0 | D:1      | 0 ||| qw: God list: Okawaru
     0 | D:1      | 0 ||| qw: Allow faded altars: false
     0 | D:1      | 0 ||| qw: Do Orc after D:15 true
     0 | D:1      | 0 ||| qw: Do second Lair branch before Depths: true
     0 | D:1      | 0 ||| qw: Lair rune preference: random
     0 | D:1      | 0 ||| qw: Plans: Normal, Zot:1-4, God:TSO, Crypt, Tomb,
                  | Pan, Slime:5, Hells, Abyss, Orb
     0 | D:1      | 0 ||| PLANNING D:1-11
     7 | D:1      | 7 ||| Stepping ~*~*~tactically~*~*~ (water).
    37 | D:1      | Reached skill level 2 in Axes
    46 | D:1      | Found a faded altar of an unknown god.
    61 | D:1      | 61 ||| Stepping ~*~*~tactically~*~*~ (stealth).
    62 | D:1      | 62 ||| Stepping ~*~*~tactically~*~*~ (stealth).
    73 | D:1      | 73 ||| Stepping ~*~*~tactically~*~*~ (stealth).
    77 | D:1      | Reached XP level 2. HP: 19/19 MP: 2/2
    77 | D:1      | 77 ||| Stepping ~*~*~tactically~*~*~ (stealth).
   123 | D:1      | 123 ||| Stepping ~*~*~tactically~*~*~ (stealth).
   129 | D:1      | 129 ||| Stepping ~*~*~tactically~*~*~ (stealth).
   130 | D:1      | 130 ||| Stepping ~*~*~tactically~*~*~ (stealth).
   193 | D:1      | 193 ||| Stepping ~*~*~tactically~*~*~ (stealth).
   203 | D:1      | Reached skill level 3 in Axes
   267 | D:1      | Reached XP level 3. HP: 23/23 MP: 3/3
   458 | D:1      | Reached XP level 4. HP: 28/28 MP: 4/4
   750 | D:1      | 750 ||| READING scroll labelled QOUFAA GOEHURI.
   750 | D:1      | Identified a scroll of acquirement
   750 | D:1      | 750 ||| ACQUIRING +1 helmet "Gusua" {+Inv rF+ Stlth+}
   750 | D:1      | Acquired the +1 helmet "Gusua" {+Inv rF+ Stlth+}
   752 | D:1      | 752 ||| UPGRADING to +1 helmet "Gusua" {+Inv rF+ Stlth+}.
   757 | D:1      | 757 ||| READING scroll labelled IRAC UKOABUEN.
   758 | D:1      | 758 ||| READING scroll labelled SORURE SUZUD.
   759 | D:1      | 759 ||| READING scroll labelled TAAZYXKAJO.
   760 | D:1      | 760 ||| DRINKING 2 grey potions.
   851 | D:2      | Identified the +6 sling of the Spider Nest {vorpal, Drain
                  | +Blink rC+}
   906 | D:2      | 906 ||| Stepping ~*~*~tactically~*~*~ (stealth).
   908 | D:2      | Reached skill level 4 in Axes
  1034 | D:2      | 1034 ||| Stepping ~*~*~tactically~*~*~ (stealth).
  1267 | D:2      | 1267 ||| UPGRADING to +0 pair of boots.
  1276 | D:2      | You fall into a shaft and drop 2 floors!
  1306 | D:4      | 1306 ||| Stepping ~*~*~tactically~*~*~ (hiding).
  1464 | D:4      | 1464 ||| Stepping ~*~*~tactically~*~*~ (stealth).
  1609 | D:4      | Noticed an ogre
  1624 | D:4      | HP: 7/28 [ogre/+0 giant club (17)]
  1625 | D:4      | Killed an ogre
  1626 | D:4      | Reached skill level 5 in Axes
  1626 | D:4      | Reached XP level 5. HP: 8/32 MP: 5/5
  1867 | D:4      | Noticed an ogre
  1868 | D:4      | 1868 ||| Stepping ~*~*~tactically~*~*~ (stealth).
  1886 | D:4      | Killed an ogre
  1887 | D:4      | Reached XP level 6. HP: 14/39 MP: 6/6
  2050 | D:4      | 2050 ||| READING 2 scrolls labelled POIPLE USSOFAATRIX.
  2053 | D:4      | 2053 ||| READING scroll labelled HOHAPU IPNOTYDD.
  2054 | D:4      | 2054 ||| READING 2 scrolls labelled IZASTR CAUT.
  2055 | D:4      | 2055 ||| READING scroll labelled JOENASM TOGUT.
  2056 | D:4      | 2056 ||| DRINKING 2 white potions.
  2056 | D:4      | Gained mutation: Your magical capacity is low. (-10% MP)
                  | [potion of mutation]
  2056 | D:4      | Gained mutation: You have a somewhat thin skeletal
                  | structure. (Dex +2, Stealth+) [potion of mutation]
  2208 | D:2      | 2208 ||| Stepping randomly (stuck).
  2209 | D:2      | 2209 ||| Stepping randomly (stuck).
  2726 | D:2      | 2726 ||| READING scroll labelled FISEBR LEROLUMN.
  2727 | D:2      | 2727 ||| READING 2 scrolls of identify.
  2727 | D:2      | 2727 ||| IDENTIFYING bubbling ruby potion
  2867 | D:3      | 2867 ||| Stepping ~*~*~tactically~*~*~ (hiding).
  3015 | D:3      | 3015 ||| DROPPING +0 whip.
  3042 | D:3      | 3042 ||| Stepping ~*~*~tactically~*~*~ (hiding).
  3144 | D:3      | 3144 ||| Stepping ~*~*~tactically~*~*~ (hiding).
  3246 | D:3      | 3246 ||| Stepping ~*~*~tactically~*~*~ (hiding).
  3258 | D:3      | Found a white marble altar of Elyvilon.
  3369 | D:3      | Reached skill level 1 in Dodging
  3510 | D:3      | 3510 ||| Stepping ~*~*~tactically~*~*~ (stealth).
  3711 | D:3      | Found a hide-covered altar of Uskayaw.
  3714 | D:3      | 3714 ||| Stepping ~*~*~tactically~*~*~ (stealth).
  3715 | D:3      | 3715 ||| Stepping ~*~*~tactically~*~*~ (stealth).
  3716 | D:3      | 3716 ||| Stepping ~*~*~tactically~*~*~ (stealth).
  3717 | D:3      | 3717 ||| Stepping ~*~*~tactically~*~*~ (stealth).
  3720 | D:3      | 3720 ||| Stepping ~*~*~tactically~*~*~ (stealth).
  3722 | D:3      | 3722 ||| Stepping ~*~*~tactically~*~*~ (stealth).
  3728 | D:3      | 3728 ||| Stepping ~*~*~tactically~*~*~ (stealth).
  3730 | D:3      | 3730 ||| Stepping ~*~*~tactically~*~*~ (stealth).
  3732 | D:3      | 3732 ||| Stepping ~*~*~tactically~*~*~ (hiding).
  4065 | D:3      | 4065 ||| DRINKING 2 purple potions.
  4066 | D:3      | 4066 ||| DRINKING 2 emerald potions.
  4079 | D:3      | 4079 ||| READING 2 scrolls of identify.
  4079 | D:3      | 4079 ||| IDENTIFYING fuming yellow potion
  4080 | D:3      | 4080 ||| DROPPING potion of degeneration.
  4174 | D:4      | 4174 ||| Stepping ~*~*~tactically~*~*~ (hiding).
  4179 | D:4      | Noticed Robin
  4184 | D:4      | Killed Robin
  4198 | D:4      | 4198 ||| Stepping ~*~*~tactically~*~*~ (stealth).
  4205 | D:4      | 4205 ||| Stepping ~*~*~tactically~*~*~ (stealth).
  4209 | D:4      | 4209 ||| Stepping ~*~*~tactically~*~*~ (stealth).
  4211 | D:4      | 4211 ||| Stepping ~*~*~tactically~*~*~ (stealth).
  4213 | D:4      | 4213 ||| Stepping ~*~*~tactically~*~*~ (stealth).
  4383 | D:4      | Found a staircase to the Ecumenical Temple.
  4384 | D:4      | 4384 ||| PLANNING TEMPLE
  4384 | D:4      | 4384 ||| READING scroll labelled TEAH KETEUQO.
  4384 | D:4      | Noticed Sigmund
  4385 | D:4      | 4385 ||| FLEEEEING.
  4386 | D:4      | 4386 ||| FLEEEEING.
  4387 | D:4      | 4387 ||| FLEEEEING.
  4388 | D:4      | 4388 ||| FLEEEEING.
  4389 | D:4      | 4389 ||| FLEEEEING.
  4390 | D:4      | 4390 ||| FLEEEEING.
  4391 | D:4      | 4391 ||| FLEEEEING.
  4392 | D:4      | 4392 ||| FLEEEEING.
  4393 | D:4      | 4393 ||| FLEEEEING.
  4394 | D:4      | 4394 ||| FLEEEEING.
  4395 | D:4      | 4395 ||| FLEEEEING.
  4401 | D:4      | 4401 ||| FLEEEEING.
  4406 | D:4      | 4406 ||| FLEEEEING.
  4410 | D:4      | 4410 ||| STAIRDANCE
  4425 | D:4      | Killed Sigmund
  4426 | D:4      | Reached XP level 7. HP: 42/44 MP: 6/6
  4467 | Temple   | Entered the Ecumenical Temple
  4468 | Temple   | 4468 ||| PLANNING OKAWARU WORSHIP
  4474 | Temple   | Became a worshipper of Warmaster Okawaru
  4475 | Temple   | 4475 ||| PLANNING D:1-11
  4520 | D:4      | 4520 ||| Stepping ~*~*~tactically~*~*~ (stealth).
  4527 | D:4      | Found a basalt altar of Yredelemnul.
  4601 | D:4      | Found a blossoming altar of Fedhas.
  4657 | D:5      | Entered Level 5 of the Dungeon
  4769 | D:5      | 4769 ||| Stepping ~*~*~tactically~*~*~ (hiding).
  4880 | D:5      | 4880 ||| Stepping ~*~*~tactically~*~*~ (stealth).
  4891 | D:5      | 4891 ||| Stepping ~*~*~tactically~*~*~ (stealth).
  4894 | D:5      | 4894 ||| Stepping ~*~*~tactically~*~*~ (stealth).
  4895 | D:5      | Noticed Pikel
  4896 | D:5      | 4896 ||| Stepping ~*~*~tactically~*~*~ (stealth).
  4898 | D:5      | 4898 ||| Stepping ~*~*~tactically~*~*~ (hiding).
  4913 | D:5      | HP: 9/44 [Pikel/+1 whip of freezing (6)]
  4914 | D:5      | 4914 ||| READING 2 scrolls of teleportation.
  4915 | D:5      | 4915 ||| DRINKING 2 potions of heal wounds.
  4917 | D:5      | Killed Pikel
  4917 | D:5      | Reached * piety under Okawaru
  4918 | D:5      | Reached skill level 7 in Axes
  4918 | D:5      | Reached XP level 8. HP: 31/48 MP: 7/7
  4918 | D:5      | 4918 ||| INVOKING Heroism.
  4932 | D:5      | Reached skill level 1 in Invocations
  5189 | D:5      | 5189 ||| Stepping ~*~*~tactically~*~*~ (stealth).
  5232 | D:5      | 5232 ||| Stepping ~*~*~tactically~*~*~ (hiding).
  5334 | D:5      | 5334 ||| INVOKING Heroism.
  5614 | D:5      | 5614 ||| Stepping ~*~*~tactically~*~*~ (stealth).
  5616 | D:5      | 5616 ||| Stepping ~*~*~tactically~*~*~ (stealth).
  5618 | D:5      | 5618 ||| Stepping ~*~*~tactically~*~*~ (stealth).
  5620 | D:5      | 5620 ||| Stepping ~*~*~tactically~*~*~ (stealth).
  5622 | D:5      | 5622 ||| Stepping ~*~*~tactically~*~*~ (stealth).
  5624 | D:5      | 5624 ||| Stepping ~*~*~tactically~*~*~ (stealth).
  5633 | D:5      | Reached skill level 3 in Invocations
  5658 | D:5      | Found an opulent altar of Gozag.
  5660 | D:5      | Reached ** piety under Okawaru
  5661 | D:5      | 5661 ||| Stepping ~*~*~tactically~*~*~ (stealth).
  5663 | D:5      | 5663 ||| Stepping ~*~*~tactically~*~*~ (stealth).
  5668 | D:5      | 5668 ||| Stepping ~*~*~tactically~*~*~ (stealth).
  5697 | D:5      | 5697 ||| Stepping ~*~*~tactically~*~*~ (stealth).
  5706 | D:5      | 5706 ||| FLEEEEING.
  5707 | D:5      | 5707 ||| FLEEEEING.
  5708 | D:5      | 5708 ||| FLEEEEING.
  5709 | D:5      | 5709 ||| FLEEEEING.
  5710 | D:5      | 5710 ||| STAIRDANCE
  5744 | D:4      | 5744 ||| UPGRADING to +0 cloak.
  5749 | D:4      | 5749 ||| READING scroll labelled XUQ JOENECIPS.
  5783 | D:4      | 5783 ||| READING 2 scrolls of identify.
  5783 | D:4      | 5783 ||| IDENTIFYING smoky puce potion
  5784 | D:4      | 5784 ||| DROPPING potion of ambrosia.
  5790 | D:5      | 5790 ||| INVOKING Heroism.
  5792 | D:5      | Reached skill level 8 in Axes
  5795 | D:5      | HP: 10/49 [wight/+4 dire flail (5)]
  5796 | D:5      | 5796 ||| READING scroll of teleportation.
  5797 | D:5      | 5797 ||| DRINKING potion of heal wounds.
  5875 | D:5      | 5875 ||| Stepping ~*~*~tactically~*~*~ (hiding).
  6081 | D:5      | 6081 ||| DROPPING +0 morningstar.
  6143 | D:5      | 6143 ||| Stepping ~*~*~tactically~*~*~ (stealth).
  6148 | D:5      | Reached XP level 9. HP: 55/55 MP: 10/10
  6198 | D:5      | 6198 ||| READING 2 scrolls of identify.
  6198 | D:5      | 6198 ||| IDENTIFYING glowing green potion
  6199 | D:5      | 6199 ||| DROPPING potion of brilliance.
  6233 | D:6      | 6233 ||| INVOKING Heroism.
  6245 | D:6      | Reached skill level 6 in Fighting
  6250 | D:6      | 6250 ||| INVOKING Heroism.
  6309 | D:6      | Found a radiant altar of Vehumet.
  6456 | D:6      | Found a snail-covered altar of Cheibriados.
  6462 | D:6      | 6462 ||| INVOKING Heroism.
  6493 | D:6      | Found a shadowy altar of Dithmenos.
  6501 | D:6      | Noticed Grinder
  6503 | D:6      | 6503 ||| Stepping ~*~*~tactically~*~*~ (hiding).
  6505 | D:6      | 6505 ||| Stepping ~*~*~tactically~*~*~ (hiding).
  6509 | D:6      | 6509 ||| INVOKING Heroism.
  6520 | D:6      | 6520 ||| INVOKING Heroism.
  6521 | D:6      | Killed Grinder
  6522 | D:6      | Reached skill level 9 in Axes
  6554 | D:6      | Found a shimmering altar of Xom.
  6858 | D:6      | Found Tacei's Antique Armour Shoppe.
  6862 | D:6      | Found Juegiak's Antique Armour Shop.
  6867 | D:6      | 6867 ||| INVOKING Heroism.
  6871 | D:6      | Reached skill level 3 in Throwing
  6910 | D:6      | 6910 ||| INVOKING Heroism.
  6975 | D:6      | 6975 ||| BUYING embroidered scarf (216 gold).
  6975 | D:6      | Bought an embroidered scarf for 216 gold pieces
  6975 | D:6      | 6975 ||| SHOPLISTING ichor-stained plate armour (756 gold,
                  | have 128).
  6975 | D:6      | 6975 ||| SHOPLISTING plate armour (621 gold, have 128).
  6975 | D:6      | 6975 ||| SHOPLISTING runed helmet (202 gold, have 128).
  6983 | D:6      | 6983 ||| SHOPLISTING glowing helmet (165 gold, have 139).
  6983 | D:6      | 6983 ||| BUYING kite shield (99 gold).
  6983 | D:6      | Bought a kite shield for 99 gold pieces
  6983 | D:6      | 6983 ||| SHOPLISTING runed chain mail (165 gold, have 40).
  6983 | D:6      | 6983 ||| SHOPLISTING shiny ring mail (154 gold, have 40).
  7031 | D:6      | 7031 ||| UPGRADING to scarf of resistance.
  7041 | D:6      | 7041 ||| UPGRADING to +0 kite shield.
  7051 | D:6      | 7051 ||| DROPPING +0 buckler.
  7052 | D:6      | 7052 ||| READING scroll labelled ESUCRO TE RIAT.
  7053 | D:6      | 7053 ||| DRINKING 2 silvery potions.
  7054 | D:6      | 7054 ||| DRINKING 2 dark potions.
  7159 | D:6      | 7159 ||| DROPPING potion of berserk rage.
  7193 | D:7      | 7193 ||| PLANNING OSSUARY
  7315 | D:7      | 7315 ||| INVOKING Heroism.
  7385 | D:7      | Found a sand-covered staircase.
  7393 | Ossuary  | Entered an ossuary
  7400 | Ossuary  | 7400 ||| Stepping ~*~*~tactically~*~*~ (stealth).
  7402 | Ossuary  | 7402 ||| Stepping ~*~*~tactically~*~*~ (stealth).
  7404 | Ossuary  | 7404 ||| Stepping ~*~*~tactically~*~*~ (stealth).
  7405 | Ossuary  | 7405 ||| Stepping ~*~*~tactically~*~*~ (stealth).
  7407 | Ossuary  | 7407 ||| Stepping ~*~*~tactically~*~*~ (stealth).
  7493 | Ossuary  | 7493 ||| READING scroll of enchant weapon.
  7493 | Ossuary  | 7493 ||| ENCHANTING +1 war axe.
  7496 | Ossuary  | 7496 ||| READING scroll of enchant armour.
  7496 | Ossuary  | 7496 ||| ENCHANTING +0 pair of boots.
  7515 | Ossuary  | 7515 ||| INVOKING Heroism.
  7531 | Ossuary  | Reached skill level 6 in Shields
  7541 | Ossuary  | Reached *** piety under Okawaru
  7591 | Ossuary  | 7591 ||| Stepping ~*~*~tactically~*~*~ (stealth).
  7593 | Ossuary  | 7593 ||| Stepping ~*~*~tactically~*~*~ (stealth).
  7594 | Ossuary  | 7594 ||| Stepping ~*~*~tactically~*~*~ (stealth).
  7603 | Ossuary  | 7603 ||| Stepping ~*~*~tactically~*~*~ (stealth).
  7625 | Ossuary  | 7625 ||| Stepping ~*~*~tactically~*~*~ (stealth).
  7627 | Ossuary  | 7627 ||| Stepping ~*~*~tactically~*~*~ (stealth).
  7631 | Ossuary  | 7631 ||| Stepping ~*~*~tactically~*~*~ (stealth).
  7632 | Ossuary  | 7632 ||| Stepping ~*~*~tactically~*~*~ (stealth).
  7634 | Ossuary  | 7634 ||| Stepping ~*~*~tactically~*~*~ (stealth).
  7646 | Ossuary  | Reached XP level 10. HP: 61/61 MP: 11/11
  7654 | Ossuary  | 7654 ||| READING 2 scrolls labelled BERERYIWAN.
  7655 | Ossuary  | 7655 ||| DRINKING 2 puce potions.
  7656 | Ossuary  | 7656 ||| DROPPING scroll of amnesia.
  7657 | Ossuary  | 7657 ||| DROPPING potion of flight.
  7670 | D:7      | 7670 ||| PLANNING D:1-11
  7728 | D:7      | Noticed Maggie
  7745 | D:7      | Killed Maggie
  7815 | D:7      | 7815 ||| SWAPPING to +1 war axe of draining.
  7844 | D:7      | 7844 ||| Stepping ~*~*~tactically~*~*~ (stealth).
  7846 | D:7      | 7846 ||| INVOKING Heroism.
  7943 | D:7      | Noticed Dowan
  7943 | D:7      | Noticed Duvessa
  7944 | D:7      | 7944 ||| INVOKING Heroism.
  7970 | D:7      | Killed Dowan
  7972 | D:7      | 7972 ||| INVOKING Heroism.
  7981 | D:7      | Killed Duvessa
  8206 | D:7      | Noticed Joseph
  8207 | D:7      | 8207 ||| Stepping ~*~*~tactically~*~*~ (hiding).
  8285 | D:7      | 8285 ||| INVOKING Heroism.
  8322 | D:7      | 8322 ||| Stepping ~*~*~tactically~*~*~ (hiding).
  8324 | D:7      | 8324 ||| FLEEEEING.
  8325 | D:7      | 8325 ||| FLEEEEING.
  8329 | D:7      | 8329 ||| FLEEEEING.
  8330 | D:7      | 8330 ||| FLEEEEING.
  8337 | D:7      | 8337 ||| INVOKING Heroism.
  8348 | D:7      | Killed Joseph
  8349 | D:7      | Reached skill level 9 in Shields
  8538 | D:7      | Reached **** piety under Okawaru
  8580 | D:7      | Found a sparkling altar of Nemelex Xobeh.
  8708 | D:7      | 8708 ||| UPGRADING to +0 chain mail.
  8718 | D:7      | 8718 ||| DROPPING +0 scale mail.
  8728 | D:7      | 8728 ||| READING scroll labelled ZAQAEB ABOEDDI.
  8868 | D:8      | 8868 ||| INVOKING Heroism.
  8964 | D:8      | 8964 ||| INVOKING Heroism.
  9070 | D:8      | 9070 ||| READING scroll of enchant weapon.
  9070 | D:8      | 9070 ||| ENCHANTING +1 war axe of draining.
  9071 | D:8      | 9071 ||| DROPPING +2 war axe.
  9115 | D:8      | 9115 ||| Stepping ~*~*~tactically~*~*~ (stealth).
  9135 | D:8      | 9135 ||| Stepping ~*~*~tactically~*~*~ (hiding).
  9137 | D:8      | 9137 ||| INVOKING Heroism.
  9152 | D:8      | 9152 ||| Stepping ~*~*~tactically~*~*~ (hiding).
  9243 | D:8      | Found a hazy altar of Hepliaklqana.
  9244 | D:8      | 9244 ||| Stepping ~*~*~tactically~*~*~ (hiding).
  9245 | D:8      | 9245 ||| Stepping ~*~*~tactically~*~*~ (hiding).
  9249 | D:8      | 9249 ||| INVOKING Heroism.
  9422 | D:8      | Found a shimmering blue altar of Sif Muna.
  9433 | D:8      | 9433 ||| DRINKING 4 potions of curing.
  9433 | D:8      | 9433 ||| (to cure confusion)
  9437 | D:8      | 9437 ||| DRINKING 3 potions of curing.
  9437 | D:8      | 9437 ||| (to cure confusion)
  9469 | D:8      | 9469 ||| DRINKING 2 potions of curing.
  9469 | D:8      | 9469 ||| (to cure confusion)
  9796 | D:8      | Found a sacrificial altar of Ru.
 10041 | D:8      | 10041 ||| UPGRADING to +0 plate armour of willpower.
 10051 | D:8      | 10051 ||| DROPPING +0 chain mail.
 10052 | D:8      | 10052 ||| UPGRADING to amulet of regeneration.
 10083 | D:9      | 10083 ||| INVOKING Heroism.
 10171 | D:9      | 10171 ||| Stepping ~*~*~tactically~*~*~ (hiding).
 10177 | D:9      | 10177 ||| Stepping ~*~*~tactically~*~*~ (hiding).
 10196 | D:9      | 10196 ||| Stepping ~*~*~tactically~*~*~ (stealth).
 10198 | D:9      | 10198 ||| Stepping ~*~*~tactically~*~*~ (stealth).
 10230 | D:9      | 10230 ||| Stepping ~*~*~tactically~*~*~ (stealth).
 10292 | D:9      | 10292 ||| INVOKING Heroism.
 10316 | D:9      | 10316 ||| INVOKING Heroism.
 10386 | D:9      | 10386 ||| INVOKING Heroism.
 10394 | D:9      | Reached skill level 6 in Armour
 10394 | D:9      | Reached XP level 11. HP: 59/67 MP: 11/13
 10404 | D:9      | Reached skill level 6 in Invocations
 10439 | D:9      | Found Yros's Magic Scroll Shop.
 10442 | D:9      | 10442 ||| SHOPLISTING 3 scrolls of brand weapon (370 gold,
                  | have 160).
 10442 | D:9      | 10442 ||| BUYING scroll of identify (26 gold).
 10442 | D:9      | Bought a scroll of identify for 26 gold pieces
 10442 | D:9      | 10442 ||| BUYING scroll of identify (26 gold).
 10442 | D:9      | Bought a scroll of identify for 26 gold pieces
 10442 | D:9      | 10442 ||| BUYING scroll of teleportation (39 gold).
 10442 | D:9      | Bought a scroll of teleportation for 39 gold pieces
 10442 | D:9      | 10442 ||| BUYING scroll of teleportation (39 gold).
 10442 | D:9      | Bought a scroll of teleportation for 39 gold pieces
 10534 | D:9      | 10534 ||| Stepping ~*~*~tactically~*~*~ (stealth).
 10536 | D:9      | 10536 ||| INVOKING Heroism.
 10638 | D:9      | 10638 ||| INVOKING Heroism.
 10658 | D:9      | 10658 ||| Stepping ~*~*~tactically~*~*~ (stealth).
 10690 | D:9      | 10690 ||| INVOKING Heroism.
 10698 | D:9      | Received a gift from Okawaru
 10754 | D:9      | 10754 ||| INVOKING Heroism.
 10825 | D:9      | 10825 ||| Stepping ~*~*~tactically~*~*~ (stealth).
 10829 | D:9      | 10829 ||| INVOKING Heroism.
 10960 | D:9      | 10960 ||| UPGRADING to ring of protection from cold.
 10961 | D:9      | 10961 ||| READING scroll labelled UTEOSA WOOCHYT.
 10983 | D:10     | Entered Level 10 of the Dungeon
 10988 | D:10     | 10988 ||| INVOKING Heroism.
 11001 | D:10     | Reached skill level 10 in Axes
 11045 | D:10     | Noticed Snorg
 11046 | D:10     | 11046 ||| INVOKING Heroism.
 11059 | D:10     | Killed Snorg
 11108 | D:10     | 11108 ||| INVOKING Heroism.
 11191 | D:10     | Noticed a deep elf pyromancer
 11192 | D:10     | 11192 ||| Stepping ~*~*~tactically~*~*~ (hiding).
 11209 | D:10     | Killed a deep elf pyromancer
 11239 | D:10     | 11239 ||| INVOKING Heroism.
 11261 | D:10     | Reached ***** piety under Okawaru
 11496 | D:10     | 11496 ||| Stepping ~*~*~tactically~*~*~ (hiding).
 11497 | D:10     | 11497 ||| Stepping ~*~*~tactically~*~*~ (hiding).
 11716 | D:10     | Found an ancient bone altar of Kikubaaqudgha.
 11746 | D:10     | Noticed a white ugly thing
 11747 | D:10     | 11747 ||| Stepping ~*~*~tactically~*~*~ (stealth).
 11759 | D:10     | 11759 ||| INVOKING Heroism.
 11762 | D:10     | Killed a white ugly thing
 11863 | D:10     | 11863 ||| Stepping ~*~*~tactically~*~*~ (stealth).
 11896 | D:10     | 11896 ||| Stepping ~*~*~tactically~*~*~ (hiding).
 11897 | D:10     | 11897 ||| INVOKING Heroism.
 11921 | D:10     | Reached XP level 12. HP: 74/75 MP: 16/16
 11978 | D:10     | 11978 ||| Stepping ~*~*~tactically~*~*~ (hiding).
 11979 | D:10     | 11979 ||| Stepping ~*~*~tactically~*~*~ (hiding).
 11982 | D:10     | 11982 ||| INVOKING Heroism.
 12052 | D:10     | 12052 ||| UPGRADING to +0 pair of gloves.
 12057 | D:10     | 12057 ||| UPGRADING to ring of resist corrosion.
 12088 | D:11     | 12088 ||| INVOKING Heroism.
 12097 | D:11     | Reached skill level 9 in Invocations
 12154 | D:11     | Noticed a two-headed ogre
 12163 | D:11     | Killed a two-headed ogre
 12163 | D:11     | Identified the +1 crystal plate armour of Pivych {rC+}
                  | (Okawaru gifted it to you on level 11 of the Dungeon)
 12163 | D:11     | Received a gift from Okawaru
 12164 | D:11     | Reached skill level 11 in Axes
 12214 | D:11     | 12214 ||| Stepping ~*~*~tactically~*~*~ (stealth).
 12232 | D:11     | 12232 ||| INVOKING Heroism.
 12237 | D:11     | 12237 ||| Stepping ~*~*~tactically~*~*~ (stealth).
 12248 | D:11     | 12248 ||| Stepping ~*~*~tactically~*~*~ (hiding).
 12265 | D:11     | Found a staircase to the Lair.
 12310 | D:11     | Found a broken altar of Ashenzari.
 12318 | D:11     | 12318 ||| READING scroll of enchant armour.
 12318 | D:11     | 12318 ||| ENCHANTING +0 pair of gloves.
 12320 | D:11     | 12320 ||| Stepping ~*~*~tactically~*~*~ (stealth).
 12322 | D:11     | 12322 ||| Stepping ~*~*~tactically~*~*~ (stealth).
 12328 | D:11     | 12328 ||| INVOKING Heroism.
 12371 | D:11     | 12371 ||| INVOKING Heroism.
 12424 | D:11     | Noticed a boulder beetle
 12425 | D:11     | 12425 ||| INVOKING Heroism.
 12426 | D:11     | 12426 ||| INVOKING Finesse.
 12434 | D:11     | Noticed Maurice
 12440 | D:11     | Killed a boulder beetle
 12452 | D:11     | Killed Maurice
 12642 | D:11     | Noticed a two-headed ogre
 12647 | D:11     | Killed a two-headed ogre
 12857 | D:11     | 12857 ||| PLANNING LAIR
 12857 | D:11     | 12857 ||| UPGRADING to +1 crystal plate armour of Pivych
                  | {rC+}.
 12867 | D:11     | 12867 ||| DROPPING +0 plate armour of willpower.
 12902 | Lair:1   | Entered Level 1 of the Lair of Beasts
 12977 | Lair:1   | 12977 ||| INVOKING Heroism.
 12980 | Lair:1   | 12980 ||| Stepping ~*~*~tactically~*~*~ (stealth).
 12985 | Lair:1   | 12985 ||| Stepping ~*~*~tactically~*~*~ (stealth).
 12989 | Lair:1   | 12989 ||| Stepping ~*~*~tactically~*~*~ (stealth).
 12992 | Lair:1   | 12992 ||| Stepping ~*~*~tactically~*~*~ (stealth).
 12993 | Lair:1   | 12993 ||| Stepping ~*~*~tactically~*~*~ (stealth).
 12994 | Lair:1   | 12994 ||| Stepping ~*~*~tactically~*~*~ (stealth).
 13122 | Lair:1   | 13122 ||| INVOKING Heroism.
 13158 | Lair:1   | 13158 ||| Stepping ~*~*~tactically~*~*~ (hiding).
 13423 | Lair:1   | 13423 ||| INVOKING Heroism.
 13437 | Lair:1   | Reached skill level 9 in Armour
 13541 | Lair:1   | 13541 ||| UPGRADING to +4 ring of slaying {mikee}.
 13608 | Lair:2   | 13608 ||| Stepping ~*~*~tactically~*~*~ (stealth).
 13610 | Lair:2   | 13610 ||| Stepping ~*~*~tactically~*~*~ (stealth).
 13611 | Lair:2   | 13611 ||| INVOKING Heroism.
 13637 | Lair:2   | Found a hole to the Spider Nest.
 13638 | Lair:2   | Noticed a boulder beetle
 13639 | Lair:2   | 13639 ||| Stepping ~*~*~tactically~*~*~ (stealth).
 13640 | Lair:2   | 13640 ||| Stepping ~*~*~tactically~*~*~ (stealth).
 13642 | Lair:2   | 13642 ||| Stepping ~*~*~tactically~*~*~ (stealth).
 13643 | Lair:2   | 13643 ||| Stepping ~*~*~tactically~*~*~ (stealth).
 13648 | Lair:2   | 13648 ||| Stepping ~*~*~tactically~*~*~ (stealth).
 13660 | Lair:2   | 13660 ||| INVOKING Finesse.
 13667 | Lair:2   | Reached skill level 9 in Fighting
 13677 | Lair:2   | Killed a boulder beetle
 13722 | Lair:2   | 13722 ||| Stepping ~*~*~tactically~*~*~ (stealth).
 13833 | Lair:2   | Reached XP level 13. HP: 80/80 MP: 18/18
 13850 | Lair:2   | 13850 ||| INVOKING Heroism.
 13853 | Lair:2   | 13853 ||| Stepping ~*~*~tactically~*~*~ (stealth).
 13889 | Lair:2   | 13889 ||| INVOKING Heroism.
 13994 | Lair:2   | Reached skill level 12 in Axes
 14292 | Lair:2   | 14292 ||| INVOKING Heroism.
 14293 | Lair:2   | 14293 ||| SWAPPING to +5 morningstar.
 14294 | Lair:2   | 14294 ||| INVOKING Finesse.
 14299 | Lair:2   | 14299 ||| SWAPPING to +2 war axe of draining.
 14387 | Lair:2   | 14387 ||| INVOKING Heroism.
 14388 | Lair:2   | 14388 ||| INVOKING Finesse.
 14390 | Lair:2   | 14390 ||| SWAPPING to +5 morningstar.
 14395 | Lair:2   | Received a gift from Okawaru
 14396 | Lair:2   | 14396 ||| SWAPPING to +2 war axe of draining.
 14944 | Lair:2   | 14944 ||| READING 11 scrolls of identify.
 14944 | Lair:2   | 14944 ||| IDENTIFYING metallic purple potion
 14986 | Lair:3   | Found a staircase to the Swamp.
 14987 | Lair:3   | 14987 ||| Stepping ~*~*~tactically~*~*~ (hiding).
 15128 | Lair:3   | 15128 ||| INVOKING Heroism.
 15193 | Lair:3   | 15193 ||| Stepping ~*~*~tactically~*~*~ (stealth).
 15239 | Lair:3   | 15239 ||| INVOKING Heroism.
 15311 | Lair:3   | 15311 ||| Stepping ~*~*~tactically~*~*~ (stealth).
 15312 | Lair:3   | 15312 ||| READING scroll of enchant weapon.
 15312 | Lair:3   | 15312 ||| ENCHANTING +2 war axe of draining.
 15313 | Lair:3   | 15313 ||| Stepping ~*~*~tactically~*~*~ (stealth).
 15314 | Lair:3   | 15314 ||| Stepping ~*~*~tactically~*~*~ (stealth).
 15315 | Lair:3   | 15315 ||| Stepping ~*~*~tactically~*~*~ (stealth).
 15327 | Lair:3   | 15327 ||| Stepping ~*~*~tactically~*~*~ (stealth).
 15338 | Lair:3   | 15338 ||| INVOKING Heroism.
 15360 | Lair:3   | 15360 ||| Stepping ~*~*~tactically~*~*~ (stealth).
 15363 | Lair:3   | 15363 ||| INVOKING Finesse.
 15376 | Lair:3   | 15376 ||| SWAPPING to +5 morningstar.
 15378 | Lair:3   | 15378 ||| Stepping ~*~*~tactically~*~*~ (outnumbered).
 15379 | Lair:3   | 15379 ||| Stepping ~*~*~tactically~*~*~ (outnumbered).
 15380 | Lair:3   | 15380 ||| Stepping ~*~*~tactically~*~*~ (outnumbered).
 15383 | Lair:3   | 15383 ||| SWAPPING to +3 war axe of draining.
 15386 | Lair:3   | 15386 ||| SWAPPING to +5 morningstar.
 15392 | Lair:3   | 15392 ||| SWAPPING to +3 war axe of draining.
 15402 | Lair:3   | Received a gift from Okawaru
 15409 | Lair:3   | 15409 ||| INVOKING Heroism.
 15581 | Lair:3   | 15581 ||| Stepping ~*~*~tactically~*~*~ (stealth).
 15648 | Lair:3   | 15648 ||| INVOKING Heroism.
 15747 | Lair:3   | 15747 ||| Stepping ~*~*~tactically~*~*~ (stealth).
 15749 | Lair:3   | 15749 ||| Stepping ~*~*~tactically~*~*~ (stealth).
 15753 | Lair:3   | 15753 ||| Stepping ~*~*~tactically~*~*~ (stealth).
 15754 | Lair:3   | 15754 ||| Stepping ~*~*~tactically~*~*~ (stealth).
 15767 | Lair:3   | 15767 ||| Stepping ~*~*~tactically~*~*~ (stealth).
 15787 | Lair:3   | Reached skill level 13 in Axes
 15797 | Lair:3   | 15797 ||| Stepping ~*~*~tactically~*~*~ (stealth).
 15911 | Lair:4   | 15911 ||| INVOKING Heroism.
 15912 | Lair:4   | 15912 ||| Stepping ~*~*~tactically~*~*~ (stealth).
 15913 | Lair:4   | 15913 ||| INVOKING Finesse.
 15934 | Lair:4   | Received a gift from Okawaru
 15948 | Lair:4   | Reached skill level 12 in Armour
 15948 | Lair:4   | Gained mutation: Your large and strong wings let you fly.
                  | [Gargoyle growth]
 15948 | Lair:4   | Reached XP level 14. HP: 88/88 MP: 13/19
 15986 | Lair:4   | 15986 ||| SWAPPING to +3 broad axe of venom.
 15987 | Lair:4   | 15987 ||| DROPPING +3 war axe of draining.
 16007 | Lair:4   | 16007 ||| Stepping ~*~*~tactically~*~*~ (stealth).
 16040 | Lair:4   | 16040 ||| FLEEEEING.
 16041 | Lair:4   | 16041 ||| FLEEEEING.
 16042 | Lair:4   | 16042 ||| FLEEEEING.
 16043 | Lair:4   | 16043 ||| FLEEEEING.
 16045 | Lair:4   | 16045 ||| FLEEEEING.
 16046 | Lair:4   | 16046 ||| FLEEEEING.
 16047 | Lair:4   | 16047 ||| FLEEEEING.
 16048 | Lair:4   | 16048 ||| FLEEEEING.
 16049 | Lair:4   | 16049 ||| FLEEEEING.
 16055 | Lair:4   | 16055 ||| INVOKING Heroism.
 16068 | Lair:4   | 16068 ||| Stepping ~*~*~tactically~*~*~ (stealth).
 16120 | Lair:4   | 16120 ||| Stepping ~*~*~tactically~*~*~ (stealth).
 16126 | Lair:4   | 16126 ||| Stepping ~*~*~tactically~*~*~ (stealth).
 16128 | Lair:4   | 16128 ||| Stepping ~*~*~tactically~*~*~ (stealth).
 16132 | Lair:4   | 16132 ||| INVOKING Heroism.
 16161 | Lair:4   | 16161 ||| Stepping ~*~*~tactically~*~*~ (stealth).
 16162 | Lair:4   | 16162 ||| Stepping ~*~*~tactically~*~*~ (stealth).
 16170 | Lair:4   | 16170 ||| Stepping ~*~*~tactically~*~*~ (stealth).
 16322 | Lair:4   | 16322 ||| Stepping ~*~*~tactically~*~*~ (stealth).
 16323 | Lair:4   | 16323 ||| Stepping ~*~*~tactically~*~*~ (stealth).
 16326 | Lair:4   | 16326 ||| INVOKING Heroism.
 16327 | Lair:4   | 16327 ||| Stepping ~*~*~tactically~*~*~ (stealth).
 16328 | Lair:4   | 16328 ||| INVOKING Finesse.
 16335 | Lair:4   | 16335 ||| Stepping ~*~*~tactically~*~*~ (stealth).
 16362 | Lair:4   | 16362 ||| Stepping ~*~*~tactically~*~*~ (stealth).
 16382 | Lair:4   | 16382 ||| INVOKING Heroism.
 16383 | Lair:4   | 16383 ||| INVOKING Finesse.
 16408 | Lair:4   | 16408 ||| Stepping ~*~*~tactically~*~*~ (hiding).
 16416 | Lair:4   | Received a gift from Okawaru
 16417 | Lair:4   | Reached skill level 14 in Axes
 16448 | Lair:4   | 16448 ||| Stepping ~*~*~tactically~*~*~ (stealth).
 16455 | Lair:4   | 16455 ||| FLEEEEING.
 16456 | Lair:4   | 16456 ||| FLEEEEING.
 16643 | Lair:4   | 16643 ||| INVOKING Heroism.
 17025 | Lair:4   | 17025 ||| READING 11 scrolls of identify.
 17025 | Lair:4   | 17025 ||| IDENTIFYING coppery potion
 17026 | Lair:4   | 17026 ||| DROPPING potion of invisibility.
 17050 | Lair:5   | Entered Level 5 of the Lair of Beasts
 17051 | Lair:5   | 17051 ||| INVOKING Heroism.
 17053 | Lair:5   | 17053 ||| STAIRDANCE
 17066 | Lair:5   | 17066 ||| STAIRDANCE
 17076 | Lair:5   | 17076 ||| STAIRDANCE
 17086 | Lair:5   | 17086 ||| STAIRDANCE
 17096 | Lair:5   | 17096 ||| STAIRDANCE
 17101 | Lair:4   | Identified the +5 falchion "Faept" {flame, *Slow Will++
                  | Str+2 SInv} (Okawaru gifted it to you on level 4 of the
                  | Lair of Beasts)
 17101 | Lair:4   | Received a gift from Okawaru
 17141 | Lair:5   | 17141 ||| INVOKING Heroism.
 17142 | Lair:5   | 17142 ||| INVOKING Finesse.
 17144 | Lair:5   | 17144 ||| SWAPPING to +5 morningstar.
 17153 | Lair:5   | 17153 ||| SWAPPING to +3 broad axe of venom.
 17201 | Lair:5   | Found a staircase to the Slime Pits.
 17235 | Lair:5   | 17235 ||| Stepping ~*~*~tactically~*~*~ (stealth).
 17236 | Lair:5   | 17236 ||| Stepping ~*~*~tactically~*~*~ (stealth).
 17237 | Lair:5   | 17237 ||| INVOKING Heroism.
 17265 | Lair:5   | 17265 ||| INVOKING Heroism.
 17266 | Lair:5   | 17266 ||| INVOKING Finesse.
 17269 | Lair:5   | 17269 ||| SWAPPING to +5 morningstar.
 17281 | Lair:5   | 17281 ||| SWAPPING to +3 broad axe of venom.
 17352 | Lair:5   | 17352 ||| Stepping ~*~*~tactically~*~*~ (stealth).
 17353 | Lair:5   | 17353 ||| Stepping ~*~*~tactically~*~*~ (stealth).
 17354 | Lair:5   | 17354 ||| Stepping ~*~*~tactically~*~*~ (stealth).
 17356 | Lair:5   | 17356 ||| Stepping ~*~*~tactically~*~*~ (stealth).
 17395 | Lair:5   | 17395 ||| INVOKING Heroism.
 17465 | Lair:5   | 17465 ||| Stepping ~*~*~tactically~*~*~ (stealth).
 17471 | Lair:5   | 17471 ||| Stepping ~*~*~tactically~*~*~ (stealth).
 17487 | Lair:5   | 17487 ||| INVOKING Heroism.
 17488 | Lair:5   | 17488 ||| INVOKING Finesse.
 17516 | Lair:5   | 17516 ||| Stepping ~*~*~tactically~*~*~ (stealth).
 17568 | Lair:5   | 17568 ||| INVOKING Heroism.
 17589 | Lair:5   | 17589 ||| INVOKING Finesse.
 17605 | Lair:5   | Reached skill level 12 in Shields
 17645 | Lair:5   | Identified the +6 falchion of the Purse {freeze, rElec
                  | Str+2 Dex-4}
 17657 | Lair:5   | 17657 ||| Stepping ~*~*~tactically~*~*~ (stealth).
 17659 | Lair:5   | 17659 ||| INVOKING Heroism.
 17668 | Lair:5   | 17668 ||| Stepping ~*~*~tactically~*~*~ (stealth).
 17677 | Lair:5   | 17677 ||| Stepping ~*~*~tactically~*~*~ (stealth).
 17688 | Lair:5   | 17688 ||| Stepping ~*~*~tactically~*~*~ (stealth).
 17743 | Lair:5   | 17743 ||| INVOKING Heroism.
 17744 | Lair:5   | 17744 ||| Stepping ~*~*~tactically~*~*~ (hiding).
 17745 | Lair:5   | 17745 ||| INVOKING Finesse.
 17825 | Lair:5   | 17825 ||| INVOKING Heroism.
 17826 | Lair:5   | 17826 ||| INVOKING Finesse.
 17860 | Lair:5   | Received a gift from Okawaru
 17990 | Lair:5   | Found a sacrificial altar of Ru.
 18020 | Lair:5   | 18020 ||| Stepping ~*~*~tactically~*~*~ (stealth).
 18021 | Lair:5   | 18021 ||| Stepping ~*~*~tactically~*~*~ (stealth).
 18051 | Lair:5   | 18051 ||| Stepping ~*~*~tactically~*~*~ (hiding).
 18052 | Lair:5   | 18052 ||| Stepping ~*~*~tactically~*~*~ (hiding).
 18107 | Lair:5   | 18107 ||| Stepping ~*~*~tactically~*~*~ (stealth).
 18109 | Lair:5   | 18109 ||| Stepping ~*~*~tactically~*~*~ (hiding).
 18110 | Lair:5   | 18110 ||| Stepping ~*~*~tactically~*~*~ (hiding).
 18111 | Lair:5   | 18111 ||| Stepping ~*~*~tactically~*~*~ (hiding).
 18112 | Lair:5   | 18112 ||| INVOKING Heroism.
 18118 | Lair:5   | Reached XP level 15. HP: 81/94 MP: 17/20
 18328 | Lair:5   | 18328 ||| PLANNING D
 18328 | Lair:5   | 18328 ||| UPGRADING to +4 ring of evasion.
 18330 | Lair:5   | 18330 ||| READING scroll labelled GEALIW MARISIB.
 18498 | D:12     | 18498 ||| Stepping randomly (disturbance).
 18557 | D:12     | Reached skill level 15 in Axes
 18599 | D:12     | 18599 ||| Stepping ~*~*~tactically~*~*~ (hiding).
 18680 | D:12     | 18680 ||| INVOKING Heroism.
 18830 | D:12     | 18830 ||| INVOKING Heroism.
 18832 | D:12     | 18832 ||| Stepping ~*~*~tactically~*~*~ (hiding).
 18853 | D:12     | 18853 ||| Stepping ~*~*~tactically~*~*~ (stealth).
 18854 | D:12     | 18854 ||| Stepping ~*~*~tactically~*~*~ (stealth).
 18858 | D:12     | 18858 ||| Stepping ~*~*~tactically~*~*~ (stealth).
 18859 | D:12     | 18859 ||| Stepping ~*~*~tactically~*~*~ (hiding).
 18860 | D:12     | 18860 ||| Stepping ~*~*~tactically~*~*~ (hiding).
 18866 | D:12     | Received a gift from Okawaru
 18868 | D:12     | 18868 ||| Stepping ~*~*~tactically~*~*~ (stealth).
 18869 | D:12     | 18869 ||| Stepping ~*~*~tactically~*~*~ (stealth).
 18878 | D:12     | 18878 ||| INVOKING Heroism.
 18904 | D:12     | 18904 ||| Stepping ~*~*~tactically~*~*~ (stealth).
 18931 | D:12     | Found a staircase to the Orcish Mines.
 18975 | D:12     | 18975 ||| Stepping ~*~*~tactically~*~*~ (stealth).
 18978 | D:12     | 18978 ||| Stepping ~*~*~tactically~*~*~ (stealth).
 19149 | D:12     | 19149 ||| Stepping ~*~*~tactically~*~*~ (stealth).
 19151 | D:12     | 19151 ||| INVOKING Heroism.
 19221 | D:12     | 19221 ||| READING scroll labelled LEPNEO XOVATHOOCW.
 19238 | D:13     | 19238 ||| INVOKING Heroism.
 19266 | D:13     | 19266 ||| INVOKING Heroism.
 19283 | D:13     | 19283 ||| INVOKING Heroism.
 19293 | D:13     | 19293 ||| FLEEEEING.
 19295 | D:13     | 19295 ||| FLEEEEING.
 19296 | D:13     | 19296 ||| FLEEEEING.
 19297 | D:13     | 19297 ||| STAIRDANCE
 19351 | D:13     | 19351 ||| STAIRDANCE
 19361 | D:13     | Noticed Lodul
 19362 | D:13     | 19362 ||| Stepping ~*~*~tactically~*~*~ (stealth).
 19363 | D:13     | 19363 ||| Stepping ~*~*~tactically~*~*~ (stealth).
 19369 | D:13     | 19369 ||| Stepping ~*~*~tactically~*~*~ (stealth).
 19370 | D:13     | 19370 ||| Stepping ~*~*~tactically~*~*~ (stealth).
 19372 | D:13     | 19372 ||| Stepping ~*~*~tactically~*~*~ (stealth).
 19383 | D:13     | Killed Lodul
 19386 | D:13     | Reached skill level 12 in Fighting
 19435 | D:13     | 19435 ||| INVOKING Heroism.
 19473 | D:13     | 19473 ||| FLEEEEING.
 19482 | D:13     | 19482 ||| STAIRDANCE
 19637 | D:13     | 19637 ||| Stepping ~*~*~tactically~*~*~ (stealth).
 19639 | D:13     | 19639 ||| INVOKING Heroism.
 19651 | D:13     | Identified the +2 ring mail of a Labyrinth {rN+ rCorr
                  | Dex-4} (Okawaru gifted it to you on level 13 of the
                  | Dungeon)
 19651 | D:13     | Received a gift from Okawaru
 19724 | D:13     | 19724 ||| Stepping ~*~*~tactically~*~*~ (stealth).
 19726 | D:13     | 19726 ||| Stepping ~*~*~tactically~*~*~ (stealth).
 19765 | D:13     | Identified the amulet "Oluraq" {Acrobat rElec}
 19778 | D:13     | 19778 ||| Stepping ~*~*~tactically~*~*~ (stealth).
 19780 | D:13     | 19780 ||| Stepping ~*~*~tactically~*~*~ (hiding).
 19784 | D:13     | 19784 ||| INVOKING Heroism.
 19901 | D:13     | Found a gate to the Vaults.
 20121 | D:13     | 20121 ||| DROPPING amulet "Oluraq" {Acrobat rElec}.
 20168 | D:14     | 20168 ||| Stepping ~*~*~tactically~*~*~ (hiding).
 20169 | D:14     | 20169 ||| Stepping ~*~*~tactically~*~*~ (hiding).
 20170 | D:14     | 20170 ||| Stepping ~*~*~tactically~*~*~ (hiding).
 20174 | D:14     | 20174 ||| INVOKING Heroism.
 20178 | D:14     | 20178 ||| Stepping ~*~*~tactically~*~*~ (hiding).
 20180 | D:14     | 20180 ||| Stepping ~*~*~tactically~*~*~ (hiding).
 20181 | D:14     | 20181 ||| Stepping ~*~*~tactically~*~*~ (hiding).
 20193 | D:14     | Reached skill level 16 in Axes
 20294 | D:14     | 20294 ||| INVOKING Heroism.
 20300 | D:14     | Reached skill level 3 in Dodging
 20492 | D:14     | 20492 ||| INVOKING Heroism.
 20493 | D:14     | 20493 ||| INVOKING Finesse.
 20495 | D:14     | 20495 ||| SWAPPING to +5 morningstar.
 20501 | D:14     | 20501 ||| SWAPPING to +3 broad axe of venom.
 20609 | D:14     | 20609 ||| Stepping ~*~*~tactically~*~*~ (stealth).
 20610 | D:14     | 20610 ||| INVOKING Heroism.
 20611 | D:14     | 20611 ||| SWAPPING to +5 morningstar.
 20612 | D:14     | 20612 ||| INVOKING Finesse.
 20619 | D:14     | 20619 ||| SWAPPING to +3 broad axe of venom.
 20679 | D:14     | Noticed Wopp's ghost (journeyman GrEE)
 20689 | D:14     | Found a transporter.
 20702 | D:14     | Found a transporter.
 20709 | D:14     | Found the +0 staff of Battle
 21052 | D:14     | 21052 ||| DROPPING ring of see invisible.
 21089 | D:15     | Entered Level 15 of the Dungeon
 21099 | D:15     | 21099 ||| Stepping ~*~*~tactically~*~*~ (hiding).
 21111 | D:15     | Reached XP level 16. HP: 101/101 MP: 21/21
 21126 | D:15     | 21126 ||| Stepping ~*~*~tactically~*~*~ (stealth).
 21128 | D:15     | 21128 ||| INVOKING Heroism.
 21130 | D:15     | 21130 ||| Stepping ~*~*~tactically~*~*~ (stealth).
 21144 | D:15     | 21144 ||| Stepping ~*~*~tactically~*~*~ (hiding).
 21191 | D:15     | 21191 ||| Stepping ~*~*~tactically~*~*~ (hiding).
 21196 | D:15     | 21196 ||| INVOKING Heroism.
 21287 | D:15     | 21287 ||| INVOKING Heroism.
 21295 | D:15     | Found a staircase to the Depths.
 21323 | D:15     | Reached skill level 15 in Armour
 21455 | D:15     | 21455 ||| Stepping ~*~*~tactically~*~*~ (hiding).
 21612 | D:15     | Received a gift from Okawaru
 21700 | D:15     | 21700 ||| Stepping ~*~*~tactically~*~*~ (stealth).
 21761 | D:15     | Found Wastricu's Assorted Antiques.
 21769 | D:15     | 21769 ||| BUYING potion of curing (75 gold).
 21769 | D:15     | Bought a potion of curing for 75 gold pieces
 21769 | D:15     | 21769 ||| BUYING potion of heal wounds (125 gold).
 21769 | D:15     | Bought a potion of heal wounds for 125 gold pieces
 21769 | D:15     | 21769 ||| BUYING potion of lignification (75 gold).
 21769 | D:15     | Bought a potion of lignification for 75 gold pieces
 21769 | D:15     | 21769 ||| BUYING scratched agate ring (125 gold).
 21769 | D:15     | Bought a scratched agate ring for 125 gold pieces
 22043 | D:15     | 22043 ||| PLANNING ORC
 22043 | D:15     | 22043 ||| DROPPING ring of magical power.
 22168 | Orc:1    | Entered Level 1 of the Orcish Mines
 22444 | Orc:2    | Entered Level 2 of the Orcish Mines
 22445 | Orc:2    | 22445 ||| STAIRDANCE
 22463 | Orc:1    | 22463 ||| Stepping ~*~*~tactically~*~*~ (hiding).
 22464 | Orc:1    | 22464 ||| INVOKING Heroism.
 22554 | Orc:1    | 22554 ||| INVOKING Heroism.
 22625 | Orc:2    | Found a staircase to the Elven Halls.
 22647 | Orc:1    | 22647 ||| INVOKING Heroism.
 22679 | Orc:1    | Found Imoepot's Self-Improvement Boutique.
 22878 | Orc:2    | 22878 ||| Stepping ~*~*~tactically~*~*~ (stealth).
 22880 | Orc:2    | 22880 ||| Stepping ~*~*~tactically~*~*~ (stealth).
 22881 | Orc:2    | 22881 ||| Stepping ~*~*~tactically~*~*~ (hiding).
 22882 | Orc:2    | 22882 ||| INVOKING Heroism.
 22896 | Orc:2    | Paralysed by an ogre mage for 5 turns
 22901 | Orc:2    | HP: 21/101 [ogre/+0 giant spiked club (11)]
 22901 | Orc:2    | HP: 6/101 [two-headed ogre/+0 giant spiked club (15)]
 22902 | Orc:2    | 22902 ||| READING 11 scrolls of teleportation.
 22903 | Orc:2    | 22903 ||| DRINKING 2 potions of heal wounds.
 22953 | Orc:2    | 22953 ||| INVOKING Heroism.
 22986 | Orc:2    | 22986 ||| FLEEEEING.
 22987 | Orc:2    | 22987 ||| FLEEEEING.
 22988 | Orc:2    | 22988 ||| FLEEEEING.
 22989 | Orc:2    | 22989 ||| FLEEEEING.
 22990 | Orc:2    | 22990 ||| FLEEEEING.
 22991 | Orc:2    | 22991 ||| FLEEEEING.
 22992 | Orc:2    | 22992 ||| FLEEEEING.
 22993 | Orc:2    | 22993 ||| FLEEEEING.
 22994 | Orc:2    | 22994 ||| STAIRDANCE
 23056 | Orc:2    | Found Varuypt's Jewellery Shop.
 23057 | Orc:2    | Found Luifeni's Weapon Shoppe.
 23061 | Orc:2    | Found Pusuanuap's Armour Emporium.
 23061 | Orc:2    | Found Notz's Magic Scroll Shop.
 23068 | Orc:2    | 23068 ||| BUYING amulet of reflection (510 gold).
 23068 | Orc:2    | Bought an amulet of reflection for 510 gold pieces
 23069 | Orc:2    | 23069 ||| SHOPLISTING +6 plate armour "Jaeca" {Dex+4} (1026
                  | gold, have 968).
 23070 | Orc:2    | 23070 ||| BUYING scroll of enchant armour (120 gold).
 23070 | Orc:2    | Bought a scroll of enchant armour for 120 gold pieces
 23070 | Orc:2    | 23070 ||| READING scroll of enchant armour.
 23070 | Orc:2    | 23070 ||| ENCHANTING +1 pair of gloves.
 23094 | Orc:2    | 23094 ||| INVOKING Heroism.
 23110 | Orc:2    | 23110 ||| Stepping ~*~*~tactically~*~*~ (stealth).
 23111 | Orc:2    | 23111 ||| Stepping ~*~*~tactically~*~*~ (hiding).
 23180 | Orc:2    | 23180 ||| Stepping ~*~*~tactically~*~*~ (stealth).
 23182 | Orc:2    | 23182 ||| Stepping ~*~*~tactically~*~*~ (hiding).
 23193 | Orc:2    | 23193 ||| INVOKING Heroism.
 23195 | Orc:2    | 23195 ||| Stepping ~*~*~tactically~*~*~ (hiding).
 23210 | Orc:2    | Reached skill level 17 in Axes
 23370 | Orc:2    | 23370 ||| PLANNING SWAMP:1-3
 23370 | Orc:2    | 23370 ||| UPGRADING to amulet of reflection.
 23380 | Orc:2    | 23380 ||| DROPPING amulet of regeneration.
 23542 | Lair:3   | 23542 ||| INVOKING Heroism.
 23543 | Lair:3   | 23543 ||| SWAPPING to +5 morningstar.
 23544 | Lair:3   | 23544 ||| INVOKING Finesse.
 23545 | Lair:3   | 23545 ||| INVOKING Finesse.
 23549 | Lair:3   | Received a gift from Okawaru
 23550 | Lair:3   | 23550 ||| SWAPPING to +3 broad axe of venom.
 23587 | Lair:3   | 23587 ||| DROPPING +1 pair of boots of stealth.
 23595 | Swamp:1  | Entered Level 1 of the Swamp
 23689 | Swamp:1  | 23689 ||| INVOKING Heroism.
 23691 | Swamp:1  | Noticed a thorn hunter
 23692 | Swamp:1  | 23692 ||| INVOKING Finesse.
 23710 | Swamp:1  | Killed a thorn hunter
 23747 | Swamp:1  | 23747 ||| READING scroll of brand weapon.
 23747 | Swamp:1  | 23747 ||| BRANDING +3 broad axe of venom.
 23748 | Swamp:1  | 23748 ||| SWAPPING to +2 broad axe of freezing.
 23749 | Swamp:1  | 23749 ||| DROPPING +3 vorpal broad axe.
 23761 | Swamp:1  | 23761 ||| INVOKING Heroism.
 23766 | Swamp:1  | 23766 ||| INVOKING Finesse.
 23774 | Swamp:1  | 23774 ||| SWAPPING to +5 morningstar.
 23785 | Swamp:1  | 23785 ||| SWAPPING to +2 broad axe of freezing.
 23815 | Swamp:1  | 23815 ||| READING scroll of enchant armour.
 23815 | Swamp:1  | 23815 ||| ENCHANTING +1 pair of boots.
 23837 | Swamp:1  | 23837 ||| READING scroll of brand weapon.
 23837 | Swamp:1  | 23837 ||| BRANDING +2 broad axe of freezing.
 23887 | Swamp:1  | 23887 ||| Stepping ~*~*~tactically~*~*~ (hiding).
 23889 | Swamp:1  | 23889 ||| INVOKING Heroism.
 23984 | Swamp:1  | 23984 ||| Stepping randomly (cloudy).
 23997 | Swamp:1  | Noticed Frances
 23998 | Swamp:1  | 23998 ||| Stepping ~*~*~tactically~*~*~ (hiding).
 24002 | Swamp:1  | 24002 ||| INVOKING Heroism.
 24003 | Swamp:1  | 24003 ||| INVOKING Finesse.
 24012 | Swamp:1  | Killed Frances
 24018 | Swamp:1  | 24018 ||| Stepping ~*~*~tactically~*~*~ (stealth).
 24025 | Swamp:1  | 24025 ||| Stepping ~*~*~tactically~*~*~ (stealth).
 24058 | Swamp:1  | 24058 ||| Stepping ~*~*~tactically~*~*~ (stealth).
 24060 | Swamp:1  | 24060 ||| Stepping ~*~*~tactically~*~*~ (stealth).
 24079 | Swamp:1  | Found a frozen archway.
 24175 | Swamp:1  | 24175 ||| Stepping ~*~*~tactically~*~*~ (hiding).
 24184 | Swamp:1  | 24184 ||| INVOKING Heroism.
 24238 | Swamp:1  | 24238 ||| INVOKING Heroism.
 24239 | Swamp:1  | 24239 ||| INVOKING Finesse.
 24240 | Swamp:1  | 24240 ||| SWAPPING to +5 morningstar.
 24249 | Swamp:1  | 24249 ||| SWAPPING to +2 vorpal broad axe.
 24328 | Swamp:1  | Reached XP level 17. HP: 92/108 MP: 22/22
 24520 | Swamp:1  | 24520 ||| DROPPING amulet of faith.
 24553 | Swamp:2  | 24553 ||| Stepping ~*~*~tactically~*~*~ (hiding).
 24554 | Swamp:2  | 24554 ||| Stepping ~*~*~tactically~*~*~ (hiding).
 24646 | Swamp:2  | 24646 ||| Stepping ~*~*~tactically~*~*~ (stealth).
 24648 | Swamp:2  | Noticed Jorgrun
 24669 | Swamp:2  | Killed Jorgrun
 24720 | Swamp:2  | 24720 ||| Stepping ~*~*~tactically~*~*~ (hiding).
 24724 | Swamp:2  | 24724 ||| INVOKING Heroism.
 24766 | Swamp:2  | 24766 ||| FLEEEEING.
 24767 | Swamp:2  | 24767 ||| FLEEEEING.
 24768 | Swamp:2  | 24768 ||| STAIRDANCE
 24824 | Swamp:2  | 24824 ||| STAIRDANCE
 24869 | Swamp:2  | 24869 ||| STAIRDANCE
 24876 | Swamp:2  | 24876 ||| STAIRDANCE
 24888 | Swamp:2  | 24888 ||| STAIRDANCE
 24893 | Swamp:1  | 24893 ||| INVOKING Heroism.
 24904 | Swamp:1  | Identified the +3 dire flail "Boigox" {vorpal, rF+ Will+
                  | Int+4} (Okawaru gifted it to you on level 1 of the Swamp)
 24904 | Swamp:1  | Received a gift from Okawaru
 25092 | Swamp:2  | 25092 ||| STAIRDANCE
 25109 | Swamp:2  | 25109 ||| STAIRDANCE
 25456 | Swamp:2  | 25456 ||| DROPPING +6 ring of strength.
 25484 | Swamp:3  | 25484 ||| INVOKING Heroism.
 25516 | Swamp:3  | 25516 ||| Stepping ~*~*~tactically~*~*~ (stealth).
 25530 | Swamp:3  | 25530 ||| Stepping ~*~*~tactically~*~*~ (stealth).
 25636 | Swamp:3  | 25636 ||| INVOKING Heroism.
 25681 | Swamp:3  | Noticed Donald
 25682 | Swamp:3  | 25682 ||| INVOKING Heroism.
 25683 | Swamp:3  | 25683 ||| INVOKING Finesse.
 25712 | Swamp:3  | Killed Donald
 26014 | Swamp:3  | 26014 ||| PLANNING SPIDER:1-3
 26014 | Swamp:3  | 26014 ||| READING 19 scrolls of identify.
 26014 | Swamp:3  | 26014 ||| IDENTIFYING metallic orange potion
 26101 | Spider:1 | Entered Level 1 of the Spider Nest
 26102 | Spider:1 | 26102 ||| INVOKING Heroism.
 26110 | Spider:1 | 26110 ||| INVOKING Finesse.
 26113 | Spider:1 | Reached skill level 6 in Throwing
 26144 | Spider:1 | Received a gift from Okawaru
 26162 | Spider:1 | 26162 ||| INVOKING Finesse.
 26165 | Spider:1 | Reached skill level 18 in Axes
 26198 | Spider:1 | 26198 ||| INVOKING Heroism.
 26314 | Spider:1 | 26314 ||| INVOKING Finesse.
 26315 | Spider:1 | 26315 ||| INVOKING Heroism.
 26343 | Spider:1 | Identified Roxanne's Meditations on Forms
 26343 | Spider:1 | Noticed Roxanne
 26364 | Spider:1 | HP: 21/109 [disintegration (20)]
 26365 | Spider:1 | 26365 ||| READING 11 scrolls of teleportation.
 26366 | Spider:1 | 26366 ||| DRINKING potion of heal wounds.
 26370 | Spider:1 | 26370 ||| INVOKING Finesse.
 26370 | Spider:1 | HP: 18/109 [disintegration (10)]
 26371 | Spider:1 | 26371 ||| READING 10 scrolls of teleportation.
 26630 | Spider:1 | 26630 ||| INVOKING Heroism.
 26902 | Spider:1 | 26902 ||| INVOKING Heroism.
 26903 | Spider:1 | 26903 ||| INVOKING Finesse.
 26921 | Spider:1 | Killed Roxanne
 27169 | Spider:2 | 27169 ||| INVOKING Heroism.
 27214 | Spider:2 | 27214 ||| Stepping ~*~*~tactically~*~*~ (stealth).
 27216 | Spider:2 | 27216 ||| Stepping ~*~*~tactically~*~*~ (stealth).
 27218 | Spider:2 | 27218 ||| Stepping ~*~*~tactically~*~*~ (stealth).
 27252 | Spider:2 | 27252 ||| FLEEEEING.
 27255 | Spider:2 | 27255 ||| FLEEEEING.
 27463 | Spider:2 | 27463 ||| INVOKING Heroism.
 27465 | Spider:2 | 27465 ||| Stepping ~*~*~tactically~*~*~ (stealth).
 27526 | Spider:2 | 27526 ||| INVOKING Heroism.
 27550 | Spider:2 | 27550 ||| INVOKING Finesse.
 27766 | Spider:2 | 27766 ||| Stepping ~*~*~tactically~*~*~ (stealth).
 27772 | Spider:2 | 27772 ||| Stepping ~*~*~tactically~*~*~ (stealth).
 27774 | Spider:2 | Reached XP level 18. HP: 116/116 MP: 23/23
 27774 | Spider:2 | 27774 ||| DROPPING +5 morningstar.
 27776 | Spider:2 | 27776 ||| Stepping ~*~*~tactically~*~*~ (stealth).
 27896 | Spider:2 | 27896 ||| Stepping ~*~*~tactically~*~*~ (stealth).
 27908 | Spider:2 | 27908 ||| Stepping ~*~*~tactically~*~*~ (stealth).
 27913 | Spider:2 | 27913 ||| Stepping ~*~*~tactically~*~*~ (stealth).
 27927 | Spider:2 | 27927 ||| Stepping ~*~*~tactically~*~*~ (stealth).
 28005 | Spider:2 | 28005 ||| Stepping ~*~*~tactically~*~*~ (hiding).
 28033 | Spider:2 | Received a gift from Okawaru
 28051 | Spider:2 | 28051 ||| INVOKING Heroism.
 28376 | Spider:2 | 28376 ||| Stepping ~*~*~tactically~*~*~ (stealth).
 28378 | Spider:2 | 28378 ||| INVOKING Finesse.
 28379 | Spider:2 | 28379 ||| INVOKING Heroism.
 28388 | Spider:2 | Identified the +4 kite shield of the Salmon {rElec Str+6}
                  | (Okawaru gifted it to you on level 2 of the Spider Nest)
 28388 | Spider:2 | Received a gift from Okawaru
 28593 | Spider:2 | 28593 ||| Stepping ~*~*~tactically~*~*~ (stealth).
 28594 | Spider:2 | 28594 ||| Stepping ~*~*~tactically~*~*~ (stealth).
 28595 | Spider:2 | 28595 ||| INVOKING Finesse.
 28738 | Spider:2 | 28738 ||| INVOKING Heroism.
 28746 | Spider:2 | 28746 ||| DRINKING 9 potions of curing.
 28746 | Spider:2 | 28746 ||| (to cure confusion)
 28813 | Spider:2 | 28813 ||| Stepping randomly (disturbance).
 28814 | Spider:2 | 28814 ||| Stepping randomly (disturbance).
 28815 | Spider:2 | 28815 ||| Stepping randomly (disturbance).
 28816 | Spider:2 | 28816 ||| Stepping randomly (disturbance).
 29107 | Spider:2 | 29107 ||| FLEEEEING.
 29307 | Spider:2 | 29307 ||| Stepping ~*~*~tactically~*~*~ (stealth).
 29551 | Spider:2 | 29551 ||| UPGRADING to +4 kite shield of the Salmon {rElec
                  | Str+6}.
 29561 | Spider:2 | 29561 ||| DROPPING +0 kite shield.
 29562 | Spider:2 | 29562 ||| READING 20 scrolls of identify.
 29562 | Spider:2 | 29562 ||| IDENTIFYING fuming sapphire potion
 29661 | Spider:3 | 29661 ||| STAIRDANCE
 29663 | Spider:2 | 29663 ||| INVOKING Finesse.
 29738 | Spider:3 | 29738 ||| STAIRDANCE
 29769 | Spider:3 | 29769 ||| STAIRDANCE
 29771 | Spider:2 | 29771 ||| INVOKING Heroism.
 29991 | Spider:3 | 29991 ||| STAIRDANCE
 30029 | Spider:3 | 30029 ||| Stepping ~*~*~tactically~*~*~ (stealth).
 30030 | Spider:3 | 30030 ||| Stepping ~*~*~tactically~*~*~ (stealth).
 30235 | Spider:3 | 30235 ||| Stepping ~*~*~tactically~*~*~ (hiding).
 30236 | Spider:3 | 30236 ||| Stepping ~*~*~tactically~*~*~ (hiding).
 30237 | Spider:3 | 30237 ||| Stepping ~*~*~tactically~*~*~ (hiding).
 30239 | Spider:3 | 30239 ||| INVOKING Finesse.
 30240 | Spider:3 | 30240 ||| Stepping ~*~*~tactically~*~*~ (hiding).
 30245 | Spider:3 | Found a runed translucent door.
 30645 | Spider:3 | 30645 ||| INVOKING Heroism.
 30646 | Spider:3 | 30646 ||| Stepping ~*~*~tactically~*~*~ (hiding).
 31179 | Spider:3 | Noticed qw's ghost (adept GrFi)
 31181 | Spider:3 | 31181 ||| PLANNING SWAMP:4
 31349 | Swamp:4  | Entered Level 4 of the Swamp
 31352 | Swamp:4  | 31352 ||| INVOKING Heroism.
 31375 | Swamp:4  | Reached skill level 15 in Fighting
 31381 | Swamp:4  | HP: 29/119 [11-headed hydra (3)]
 31382 | Swamp:4  | 31382 ||| READING 10 scrolls of teleportation.
 31383 | Swamp:4  | 31383 ||| DRINKING 2 potions of heal wounds.
 31401 | Swamp:4  | HP: 28/119 [alligator (5)]
 31402 | Swamp:4  | 31402 ||| READING 9 scrolls of teleportation.
 31403 | Swamp:4  | 31403 ||| DRINKING potion of heal wounds.
 31404 | Swamp:4  | 31404 ||| INVOKING Heroism.
 31416 | Swamp:4  | HP: 29/119 [nine-headed hydra (4)]
 31417 | Swamp:4  | 31417 ||| READING 8 scrolls of teleportation.
 31421 | Swamp:4  | HP: 17/119 [12-headed hydra (3)]
 31424 | Swamp:4  | 31424 ||| READING 7 scrolls of teleportation.
 31429 | Swamp:4  | 31429 ||| READING 6 scrolls of teleportation.
 31429 | Swamp:4  | HP: 6/119 [nine-headed hydra (7)]
 31429 | Swamp:4  | Slain by a nine-headed hydra

Levels and vault maps discovered:
D:1:      lightli_arrival_boilingwater, layout_loops_cross,
          shapermc_ecumenical_altar_totnotflames
D:2:      layout_basic, nicolae_concentric_dashed_squares_mild,
          kennysheep_generic_room_16
D:3:      layout_basic, mainiacjoe_overflow_six_doors_small,
          lemuel_crystal_altar
D:4:      minmay_wonky_spiral, layout_basic, lemuel_tele_altar,
          mainiacjoe_overflow_boulevard, temple_fountains, minmay_ogre_servants,
          uniq_robin, uniq_sigmund
D:5:      layout_loops_corners, lemuel_crystal_altar, serial_glass,
          glass_columns_a, glass_columns_b, uniq_pikel
D:6:      layout_loops_ring, mainiacjoe_overflow_tiny_flanked,
          mainiacjoe_overflow_brackets, mainiacjoe_overflow_catch_the_wave,
          nicolae_wooded_promenade, uniq_grinder
D:7:      layout_basic, general_overflow_altar, chequers_ossuary_entry_cave,
          enter_bailey_5, uniq_duvessa, uniq_joseph, uniq_maggie
D:8:      layout_loops_corners, led_sif_book, old_standard_altar,
          nicolae_ru_path_of_blood
D:9:      layout_loops_cross, serial_shops, kennysheep_mini, serial_bayou,
          serial_bayou_crossing, serial_bayou_lagoon_a, serial_bayou_shore_a,
          serial_bayou_lake_a, nicolae_two_hexagons
D:10:     layout_roguey, lemuel_coloured_pillars_altar, minivault_1,
          columned_hall_lemuel, dilly_guarded_unrand_elemental_staff, uniq_snorg
D:11:     layout_loops_ring, due_lair_maze_entry_diamond,
          evilmike_ruin_ashenzari, uniq_maurice
D:12:     layout_roguey, erik_orc_3
D:13:     layout_basic, hangedman_vaults_entry_quadrant_bands, uniq_lodul
D:14:     layout_irregular_city, gammafunk_ghost_stat_death
D:15:     gammafunk_depths_entry_grave, layout_loops_ring, serial_shops,
          nicolae_shop_crystal
Temple:   hellmonk_temple_micro_hex
Lair:1:   layout_regular_city
Lair:2:   layout_layer_cave, nicolae_spider_entry_non_spiders
Lair:3:   layout_misc_corridors, skrybe_swamp_entry_bodies, beast_lair_carwin_1,
          grunt_megastairs_1
Lair:4:   layout_small_grid, serial_bayou_shore_b, grunt_megastairs_4,
          serial_bayou_shore_b, infiniplex_staircase_pool_2,
          serial_bayou_shore_b
Lair:5:   minmay_lair_end_enchanted_forest, layout_long_grid, slime_entry_1,
          basic_altar, grunt_forest_large_clearing_hut
Swamp:1:  layout_basic_swamp, portal_ice_cave_entry_ice_simulacra,
          nicolae_swamp_rocky_clearing, uniq_frances
Swamp:2:  layout_falls_marsh, nicolae_swamp_well_well_well,
          infiniplex_staircase_pool, uniq_jorgrun
Swamp:3:  layout_falls_marsh, hangedman_swamp_diagram, uniq_donald
Swamp:4:  swamp, layout_basic_swamp, uniq_aizul
Spider:1: layout_spider_delve, hangedman_spider_mandibles, uniq_roxanne
Spider:2: nicolae_spider_hilbert_zone_1 [nicolae_spider_hilbert_4_sides_1_open,
          nicolae_spider_hilbert_4_sides_1_open,
          nicolae_spider_hilbert_4_sides_1_open,
          nicolae_spider_hilbert_4_sides_1_open,
          nicolae_spider_hilbert_3_sides_1_open,
          nicolae_spider_hilbert_3_sides_1_open,
          nicolae_spider_hilbert_3_sides_1_open,
          nicolae_spider_hilbert_3_sides_1_open,
          nicolae_spider_hilbert_3_sides_1_open,
          nicolae_spider_hilbert_6_sides_1_open,
          nicolae_spider_hilbert_6_sides_1_open,
          nicolae_spider_hilbert_3_sides_1_open,
          nicolae_spider_hilbert_3_sides_1_open,
          nicolae_spider_hilbert_3_sides_1_open,
          nicolae_spider_hilbert_3_sides_1_open,
          nicolae_spider_hilbert_2_sides_1_open], spiders_nest_spider_trap
Spider:3: layout_cave_pods, ebering_ghost_reflecting_pool
Orc:1:    layout_diamond_mine, nicolae_shop_self_help
Orc:2:    st_orc_ogre_mass, layout_caves

Skill      XL: |  1  2  3  4  5  6  7  8  9 10 11 12 13 14 15 16 17 18 |
---------------+-------------------------------------------------------+-----
Axes           | 2 3 5 7 8 9 10 11 13 14 16 17 18 | 18.0
Fighting       | 4 5 6 7 8 9 10 11 12 13 14 15 | 15.0
Dodging        | 1 2 3 4 |  4.0
Throwing       | 2 3 5 7 8 |  8.0
Invocations    | 4 5 8 10 | 10.1
Shields        | 7 9 10 11 12 13 14 | 14.4
Armour         | 6 7 10 12 13 14 15 16 17 | 17.0

Action                   |  1- 3 |  4- 6 |  7- 9 | 10-12 | 13-15 | 16-18 || total
-------------------------+-------+-------+-------+-------+-------+-------++-------
Melee: War axe           |    89 |   187 |   280 |   675 |   216 |       ||  1447
       Morningstar       |       |       |       |       |    40 |    21 ||    61
       Broad axe         |       |       |       |       |   716 |  1119 ||  1835
Throw: Javelin           |       |       |    33 |    30 |       |    62 ||   125
       Boomerang         |       |       |    10 |    67 |   204 |   125 ||   406
Invok: Heroism           |       |       |    12 |    34 |    40 |    37 ||   123
       Finesse           |       |       |       |     2 |    14 |    16 ||    32
  Use: Scroll            |       |    12 |     8 |     5 |     5 |    14 ||    44
       Potion            |       |     4 |     4 |     4 |       |     5 ||    17
 Stab: Sleeping          |       |       |     2 |       |       |       ||     2
       Distracted        |       |       |       |     1 |       |       ||     1
       Confused          |       |       |       |       |       |     1 ||     1
Armor: Scale mail        |    52 |    81 |   122 |    39 |       |       ||   294
       Plate armour      |       |       |       |   184 |       |       ||   184
       Chain mail        |       |       |       |    33 |       |       ||    33
       Crystal plate arm |       |       |       |    40 |   511 |   821 ||  1372
Dodge: Dodged            |    47 |    69 |    82 |   152 |   215 |   421 ||   986
Block: Buckler           |    18 |    34 |    28 |       |       |       ||    80
       Kite shield       |       |       |    61 |   332 |   485 |   892 ||  1770
       Reflection        |       |       |       |       |       |    13 ||    13

Table legend:
 A = Non-vault XP
 B = Vault XP
 C = Vault XP percentage of total XP
 D = Non-vault monster count
 E = Vault monster count
 F = Vault count percentage of total count
                 A         B        C        D         E       F
            +---------+---------+-------+---------+---------+-------
      Total |  196218 |   95914 |  32.8 |     753 |     312 |  29.3
            +---------+---------+-------+---------+---------+-------
        D:1 |      90 |       0 |   0.0 |      41 |       0 |   0.0
        D:2 |      22 |       3 |  12.0 |      13 |       2 |  13.3
        D:3 |      64 |       0 |   0.0 |      18 |       0 |   0.0
        D:4 |      46 |     500 |  91.6 |      12 |      25 |  67.6
        D:5 |    1036 |     593 |  36.4 |      32 |       1 |   3.0
        D:6 |    1054 |     277 |  20.8 |      17 |       1 |   5.6
        D:7 |    1186 |    1095 |  48.0 |      17 |       8 |  32.0
        D:8 |    1402 |       0 |   0.0 |      19 |       0 |   0.0
        D:9 |    2152 |       0 |   0.0 |      37 |       0 |   0.0
       D:10 |    3568 |    4669 |  56.7 |      24 |      12 |  33.3
       D:11 |    5463 |    1782 |  24.6 |      18 |      12 |  40.0
       D:12 |    8673 |     768 |   8.1 |      25 |      18 |  41.9
       D:13 |    8703 |    9332 |  51.7 |      23 |      25 |  52.1
       D:14 |   13534 |       0 |   0.0 |      25 |       0 |   0.0
       D:15 |    8679 |    4694 |  35.1 |      20 |       8 |  28.6
     Lair:1 |    1982 |       0 |   0.0 |       8 |       0 |   0.0
     Lair:2 |    7827 |    1188 |  13.2 |      27 |       8 |  22.9
     Lair:3 |    7480 |    6367 |  46.0 |      22 |      23 |  51.1
     Lair:4 |   13348 |    4248 |  24.1 |      53 |       6 |  10.2
     Lair:5 |    9213 |   11198 |  54.9 |      29 |      52 |  64.2
    Swamp:1 |   18906 |    3205 |  14.5 |      30 |       9 |  23.1
    Swamp:2 |    6416 |    1977 |  23.6 |      13 |       1 |   7.1
    Swamp:3 |    7855 |    1444 |  15.5 |      17 |       1 |   5.6
    Swamp:4 |    4181 |    7473 |  64.1 |      11 |      12 |  52.2
   Spider:1 |   22869 |    1338 |   5.5 |      62 |       1 |   1.6
   Spider:2 |   26379 |   16412 |  38.4 |      61 |      34 |  35.8
   Spider:3 |    8872 |       0 |   0.0 |      21 |       0 |   0.0
      Orc:1 |    2803 |       0 |   0.0 |      29 |       0 |   0.0
      Orc:2 |    2415 |   16556 |  87.3 |      29 |      38 |  56.7
    Ossuary |       0 |     795 | 100.0 |       0 |      15 | 100.0
            +---------+---------+-------+---------+---------+-------
